AoeStats
← muelaluis19

Black Forest

510624224Analyzed
2v2 RM · 1d ago on Oct 1, 2026· 50m 12s· 4 players
Game mode
Random Map
Map size
Medium (4 player)
Population
200
Speed
Normal
Resources
Standard
Victory
Conquest
Starting age
Dark Age
Ending age
Imperial Age
RankedLock teamsTeams togetherTeam positionsShared explorationLock speedFull tech treeHidden civsTurbo modeCheats
Victory
Defeat
🇲🇽 Persians · Mexico
705
+16
🇵🇪 Bulgarians · Peru
695
+16
🇦🇷 Magyars · Argentina
707
-17
🇦🇷 Bohemians · Argentina
683
-15
pato
8:15 Loom
10:24 Feudal Age
12:40 Double-Bit Axe
17:35 Bloodlines
25:47 Gold Mining
28:33 Castle Age
27:53 Scale Barding Armor
29:31 Wheelbarrow
29:04 Fletching
36:27 Gold Shaft Mining
37:08 Hand Cart
38:06 Light Cavalry
38:32 Horse Collar
43:46 Imperial Age
agustincn420
15:08 Feudal Age
15:39 Double-Bit Axe
16:38 Horse Collar
20:18 Loom
21:45 Man-at-Arms
27:56 Castle Age
28:51 Bow Saw
30:00 Crossbowman
31:32 Caravan
31:46 Padded Archer Armor
33:18 Fletching
37:14 Ballistics
38:42 Pikeman
42:46 Imperial Age
42:59 Chemistry
42:37 Leather Archer Armor
45:24 Arbalester
47:29 Fervor
47:45 Redemption
Patt
13:23 Feudal Age
16:08 Arson
17:22 Scale Mail Armor
17:33 Forging
25:34 Castle Age
25:39 Double-Bit Axe
25:54 Gold Mining
25:54 Stone Mining
25:41 Elite Skirmisher
27:43 Ballistics
34:35 Fletching
34:46 Padded Archer Armor
38:39 Imperial Age
37:45 Stone Shaft Mining
37:46 Gold Shaft Mining
36:55 Horse Collar
36:57 Pikeman
37:38 Squires
38:54 Squires
38:40 Gambesons
44:00 Capped Ram
48:18 Chemistry
47:45 Halberdier
muelaluis19
15:44 Feudal Age
22:46 Castle Age
20:35 Horse Collar
20:48 Double-Bit Axe
22:20 Gold Mining
30:41 Caravan
31:34 Gold Shaft Mining
30:49 Stone Mining
32:12 Bow Saw
31:59 Stone Mining
37:51 Imperial Age
35:58 Wheelbarrow
35:06 Horse Collar
36:26 Padded Archer Armor
36:16 Fletching
36:32 Scale Barding Armor
36:58 Kamandaran
37:21 Crossbowman
39:21 Bodkin Arrow
43:02 Two-Man Saw
42:39 Leather Archer Armor
43:29 Thumb Ring
48:01 Ballistics
48:42 Chemistry
47:53 Masonry
Connection lost

Rejoining the realm…

Still unreachable

The connection could not be restored.

Session expired

The server has moved on; the page needs a fresh start.